 Dungeon Crawl Stone Soup version 0.31-a0-858-g469dc525a8 (webtiles) character file.

Game seed: 4390467227318699773

27597 Revguard the Fighter (level 13, 0/86 HPs)
             Began as a Gargoyle Fighter on Oct 9, 2023.
             Was an Elder of Qazlal.
             Slain by an ogre mage
             ... wielding a +0 flail
              (1 damage)
             ... on level 13 of the Dungeon.
             The game lasted 00:28:39 (11799 turns).

Revguard the Fighter (Gargoyle Fighter)            Turns: 11799, Time: 00:28:40

Health: 0/86       AC: 32    Str: 22    XL:     13   Next: 33%
Magic:  28/28      EV:  8    Int:  9    God:    Qazlal [****..]
Gold:   656        SH:  0    Dex: 17    Spells: 12/12 levels left

rFire   + . .        g - +1 war axe (elec)
rCold   . . .        r - +1 kite shield
rNeg    + . .        k - +0 plate armour
rPois   ∞            n - +0 helmet
rElec   +            O - +1 cloak
rCorr   .            B - +0 pair of gloves
SInv    .            K - +0 pair of boots
Will    .....        D - amulet of reflection Stlth
                     p - +4 ring of slaying
HPRegen 0.34/turn    y - ring of Ehod {rF+ MP+9 Str+3 Slay+3}
MPRegen 0.21/turn

%: repel missiles, reflection
@: confused, slowed, very slow
A: sickness immunity, AC +9, negative energy resistance 1, electricity
resistance, torment resistance 1, petrification resistance, iridescent scales 1,
agile 1, inability to read after injury 1
a: Renounce Religion, Upheaval, Elemental Force


You were on level 13 of the Dungeon.
You worshipped Qazlal.
Qazlal was greatly pleased with you.
You visited 2 branches of the dungeon, and saw 14 of its levels.

You collected 1270 gold pieces.
You spent 614 gold pieces at shops.

Inventory:

Hand Weapons
 g - a +1 war axe of electrocution (weapon)
 j - a +7 club
Missiles
 a - a throwing net
Armour
 k - a +0 plate armour (worn)
 n - a +0 helmet (worn)
 r - a +1 kite shield (worn)
 B - a +0 pair of gloves (worn)
 K - a +0 pair of boots (worn)
 O - a +1 cloak (worn)
Jewellery
 f - a ring of positive energy
 p - a +4 ring of slaying (left hand)
 u - a ring of willpower
 w - a +5 ring of evasion
 y - the ring of Ehod (right hand) {rF+ MP+9 Str+3 Slay+3}
   (You found it on level 8 of the Dungeon)

   [ring of protection from fire]

   Str+3:     It affects your strength (+3).
   Slay+3:    It affects your accuracy & damage with ranged weapons and melee
   (+3).
   rF+:       It protects you from fire.
   MP+9:      It affects your magic capacity (+9).
 D - an amulet of reflection (around neck)
Wands
 c - a wand of mindburst (12) (quivered)
 h - a wand of iceblast (15)
 m - a wand of digging (6)
 C - a wand of polymorph (10)
 E - a wand of charming (7)
 M - a wand of flame (12)
 P - a wand of quicksilver (6)
Scrolls
 b - 2 scrolls of revelation
 e - a scroll of noise
 o - a scroll of poison
 z - a scroll of fear
 F - 3 scrolls of identify
 J - a scroll of teleportation
 N - a scroll of enchant weapon
Potions
 d - a potion of haste
 i - 2 potions of might
 l - 2 potions of magic
 q - 4 potions of curing
 s - 3 potions of cancellation
 t - a potion of attraction
 v - 2 potions of enlightenment
 I - a potion of heal wounds
 L - 7 potions of ambrosia
 Q - a potion of lignification


   Skills:
 * Level 12.1 Fighting
 * Level 10.0 Axes
 + Level 9.2 Armour
 + Level 6.1 Dodging
 + Level 8.8 Shields
 + Level 8.1 Invocations
 + Level 6.7 Evocations


You had 12 spell levels left.
You didn't know any spells.
Your spell library contained the following spells:

 Spells                   Type           Power      Damage    Failure   Level
 Apportation              Tloc           0%         N/A       100%        1
 Magic Dart               Conj           0%         1d3       100%        1
 Necrotise                Necr           0%         1d4       100%        1
 Summon Small Mammal      Summ           0%         N/A       100%        1
 Call Imp                 Summ           0%         N/A       100%        2
 Call Canine Familiar     Summ           0%         N/A       100%        3
 Dazzling Flash           Conj/Hex       0%         N/A       100%        3
 Frozen Ramparts          Ice            0%         1d1       100%        3
 Mephitic Cloud           Conj/Pois/Air  0%         N/A       100%        3
 Summon Guardian Golem    Hex/Summ       0%         N/A       100%        3
 Petrify                  Tmut/Erth      0%         N/A       100%        4
 Agony                    Necr           0%         N/A       100%        5
 Irradiate                Conj/Tmut      0%         3d11      100%        5
 Metabolic Englaciation   Hex/Ice        0%         N/A       100%        5
 Silence                  Hex/Air        0%         N/A       100%        5
 Summon Forest            Summ/Tloc      0%         N/A       100%        5
 Eringya's Noxious Bog    Tmut/Pois      0%         4d6       100%        6
 Summon Hydra             Summ           0%         N/A       100%        7
 Chain Lightning          Conj/Air       0%         N/A       100%        9
 Fire Storm               Conj/Fire      0%         5d1       100%        9
 Shatter                  Erth           0%         3d5*      100%        9
 Sublimation of Blood     Necr           Unusable   N/A       N/A         2

Dungeon Overview and Level Annotations

Branches:
Dungeon (13/15)            Temple (1/1) D:5            Lair (0/5) D:11
    Orc (0/2) D:9
 Vaults: D:13-14

Altars:
Ashenzari
Cheibriados
Dithmenos
Elyvilon
Fedhas
Gozag
Hepliaklqana
Kikubaaqudgha
Makhleb
Nemelex Xobeh
Okawaru
Qazlal
Ru
Sif Muna
Trog
Uskayaw
Vehumet
Wu Jian
Xom
Yredelemnul
Zin
The Shining One

Shops:
D:9 ?=*:(   D:10 *!   D:12 (

Annotations:
D:11 1 runed translucent door


Innate Abilities, Weirdness & Mutations

You are immune to sickness and miasma.
Your stone body is resilient. (AC +9)
You are immune to poison.
You resist negative energy. (rN+)
You are resistant to electric shocks. (rElec)
You are resistant to unholy torment.
You are immune to petrification.
You are partially covered in iridescent scales. (AC +2)
You are agile. (Dex +4, Str/Int -1)
You occasionally lose the ability to read scrolls when taking damage.


Message History

Lightning courses through the deep elf zephyrmancer!
You kill the deep elf zephyrmancer!
Qazlal accepts your kill.
You slash the two-headed ogre!
The deep elf zephyrmancer gestures at you while chanting.
The bolt of lightning hits you but does no damage.
You resist.
Your Axes skill increases to level 10!
You block the deep elf zephyrmancer's attack.
You block the two-headed ogre's attack.
The two-headed ogre hits you but does no damage.
You block the two-headed ogre's attack.
The two-headed ogre hits you but does no damage.
Something hits you but does no damage.
The deep elf archer casts a spell at you.
You are confused.
The deep elf zephyrmancer casts a spell.
The deep elf zephyrmancer blinks!
The deep elf archer shoots an arrow.
The arrow hits you!
Things that are here:
a +0 dagger; 5 poisoned darts; a kobold corpse You slice the two-headed ogre!!
The two-headed ogre is moderately wounded.
You barely miss something. You hit the ogre.
You barely miss the two-headed ogre.
The two-headed ogre hits you with a +0 giant spiked club!
The two-headed ogre hits you but does no damage.
The two-headed ogre barely misses you.
The two-headed ogre hits you but does no damage.
Something hits you but does no damage.
The deep elf zephyrmancer gestures wildly while chanting.
The deep elf zephyrmancer blinks!
The ogre barely misses you.
The deep elf archer shoots an arrow.
The arrow hits you!
* * * LOW HITPOINT WARNING * * *
The two-headed ogre hits you with a +0 giant club!
* * * LOW HITPOINT WARNING * * *
The two-headed ogre hits you with a +0 giant spiked club!
* * * LOW HITPOINT WARNING * * *
The two-headed ogre barely misses you. x2; Something hits you.
You die...

#...# #..#...# .#
#..#...# ## .# #..#...#
.#..# # #..+...# .#..#.#
#..#... .......
######..##'######.#..#.#
#....#........)O)O......
#....#........§○@O☼.....
#....#..#..e#####○#..#e#
#....#..#...# ... ...
.....'..#.>.# .#..# #
.....#.<##### .#..#
######..# ## .#
.....#..# # ..<..#..#
#....#..#


You could see 2 two-headed ogres, a deep elf archer (repels missiles), a deep
elf zephyrmancer and an ogre.

Vanquished Creatures
  Erolcha (D:11)
  An entropy weaver (shapeshifter) (D:11)
  2 centaur warriors
  7 two-headed ogres
  2 boulder beetles
  Lodul (D:11)
  A deep elf zephyrmancer (D:13)
  A deep elf pyromancer (D:9)
  A manticore (D:11)
  5 cyclopes
  An unseen horror (D:11)
  4 gargoyles
  2 komodo dragons
  Psyche (D:9)
  3 kobold demonologists
  An efreet (D:11)
  A queen bee (D:11)
  5 trolls
  2 vampires
  3 slime creatures (D:12)
  5 shadows
  6 wyverns
  3 wraiths
  6 yaks
  2 steam dragons
  3 vampire mosquitoes (D:11)
  2 acid dragons (D:11)
  3 water moccasins
  5 orc warriors
  2 ice beasts
  A sky beast (D:7)
  A black bear (D:11)
  9 centaurs
  11 ogres
  A phantom (D:4)
  8 kobold brigands
  6 bullfrogs
  4 gnoll sergeants
  5 scorpions
  19 wights
  18 killer bees (D:11)
  3 howler monkeys
  5 electric eels (D:8)
  2 hounds
  7 orc priests
  A sleepcap (D:5)
  2 gnoll boudas
  3 jellies
  Jessica (D:2)
  2 iguanas (D:4)
  7 orc wizards
  Robin (D:2)
  20 gnolls
  7 adders
  A shadow imp (D:6)
  2 white imps (D:7)
  2 worms (D:2)
  2 dart slugs
  16 orcs
  7 ball pythons
  5 bats
  6 endoplasms
  4 giant cockroaches
  9 goblins
  6 hobgoblins
  27 kobolds
  3 quokkas
  A frilled lizard (D:3)
  3 rats
320 creatures vanquished.

Vanquished Creatures (collateral kills)
  A killer bee (D:11)
1 creature vanquished.

Vanquished Creatures (others)
  A steam dragon (D:8)
1 creature vanquished.

Grand Total: 322 creatures vanquished

Notes
Turn   | Place    | Note
-------+----------+-------------------------------------------
     0 | D:1      | Revguard the Gargoyle Fighter began the quest for the Orb.
     0 | D:1      | Reached XP level 1. HP: 14/14 MP: 1/1
   100 | D:1      | Reached XP level 2. HP: 18/19 MP: 2/2
   688 | D:2      | Reached XP level 3. HP: 23/23 MP: 3/3
   752 | D:2      | Noticed Jessica
   758 | D:2      | Killed Jessica
   896 | D:2      | Reached XP level 4. HP: 24/29 MP: 4/4
  1687 | D:2      | Reached skill level 1 in Invocations
  1698 | D:2      | Noticed Robin
  1700 | D:2      | Reached skill level 1 in Evocations
  1711 | D:2      | Killed Robin
  1712 | D:2      | Reached skill level 1 in Dodging
  1900 | D:2      | Reached skill level 4 in Fighting
  1924 | D:2      | Reached XP level 5. HP: 25/33 MP: 5/5
  2685 | D:4      | Reached XP level 6. HP: 38/39 MP: 7/7
  2992 | D:4      | Found a radiant altar of Vehumet.
  3076 | D:4      | Reached XP level 7. HP: 42/44 MP: 8/8
  3192 | D:4      | Found a blossoming altar of Fedhas.
  3273 | D:5      | Entered Level 5 of the Dungeon
  3327 | D:5      | Found a staircase to the Ecumenical Temple.
  3495 | Temple   | Entered the Ecumenical Temple
  3517 | Temple   | Became a worshipper of Qazlal Stormbringer
  3565 | D:5      | Reached skill level 5 in Fighting
  4167 | D:5      | Reached XP level 8. HP: 50/50 MP: 9/9
  4615 | D:6      | Reached * piety under Qazlal
  4880 | D:6      | Reached skill level 6 in Fighting
  4939 | D:6      | Reached skill level 5 in Armour
  5299 | D:6      | Reached skill level 5 in Shields
  5483 | D:7      | Noticed a cyclops
  5492 | D:7      | Noticed a gargoyle
  5494 | D:7      | Killed a cyclops
  5495 | D:7      | Reached skill level 5 in Axes
  5495 | D:7      | Reached XP level 9. HP: 39/56 MP: 11/11
  5504 | D:7      | Killed a gargoyle
  5505 | D:7      | Reached skill level 7 in Fighting
  6007 | D:7      | Found a basalt altar of Yredelemnul.
  6039 | D:7      | Found an iron altar of Okawaru.
  6198 | D:7      | Noticed a two-headed ogre
  6212 | D:7      | Killed a two-headed ogre
  6213 | D:7      | Reached skill level 8 in Fighting
  6213 | D:7      | Reached XP level 10. HP: 34/64 MP: 13/13
  6353 | D:7      | Reached skill level 5 in Invocations
  6521 | D:7      | Gained mutation: You are partially covered in iridescent
                  | scales. (AC +2) [potion of mutation]
  6521 | D:7      | Gained mutation: You occasionally lose the ability to read
                  | scrolls when taking damage. [potion of mutation]
  6521 | D:7      | Gained mutation: You are agile. (Dex +4, Str/Int -1)
                  | [potion of mutation]
  6569 | D:7      | Noticed a gargoyle
  6584 | D:7      | Killed a gargoyle
  6816 | D:7      | Noticed a boulder beetle
  6832 | D:7      | Killed a boulder beetle
  7187 | D:8      | Identified the +2 leather armour "Hotizow" {rElec rCorr
                  | Stlth-}
  7231 | D:8      | Reached ** piety under Qazlal
  7288 | D:8      | Identified the ring of Ehod {rF+ MP+9 Str+3 Slay+3}
  7294 | D:8      | Found a hide-covered altar of Uskayaw.
  7467 | D:8      | Found a broken altar of Ashenzari.
  7638 | D:8      | Reached skill level 9 in Fighting
  7766 | D:8      | Found an opulent altar of Gozag.
  7768 | D:8      | Found an ornate altar of the Wu Jian Council.
  7825 | D:8      | Reached XP level 11. HP: 47/71 MP: 15/15
  8173 | D:9      | Found Botyr's Weapon Boutique.
  8183 | D:9      | Noticed Psyche
  8187 | D:9      | Killed Psyche
  8199 | D:9      | Found a glowing golden altar of the Shining One.
  8265 | D:9      | Found a staircase to the Orcish Mines.
  8274 | D:9      | Found Qiffyej's Jewellery Shop.
  8282 | D:9      | Bought an amulet of reflection for 420 gold pieces
  8310 | D:9      | Reached skill level 5 in Evocations
  8323 | D:9      | Found Coblarr's General Store.
  8342 | D:9      | Found a sacrificial altar of Ru.
  8493 | D:9      | Reached *** piety under Qazlal
  8550 | D:9      | Identified the amulet "Getocas" {Acrobat rElec Will+}
  8576 | D:9      | Noticed a centaur warrior
  8583 | D:9      | Killed a centaur warrior
  8665 | D:9      | Reached skill level 10 in Fighting
  8770 | D:9      | Noticed a cyclops
  8773 | D:9      | Killed a cyclops
  8773 | D:9      | Noticed a deep elf pyromancer
  8778 | D:9      | Killed a deep elf pyromancer
  9058 | D:9      | Found Atriloegh's Book Shop.
  9092 | D:9      | Found Zuener's Magic Scroll Shop.
  9095 | D:9      | Bought a scroll of enchant weapon for 97 gold pieces
  9095 | D:9      | Bought a scroll of enchant armour for 97 gold pieces
  9180 | D:10     | Entered Level 10 of the Dungeon
  9248 | D:10     | Found Aatz's Alliterative Armaments.
  9379 | D:10     | Found Nutzaivo's Distillery.
  9483 | D:10     | Identified the +2 leather armour of Valour {-Tele +Inv rN+
                  | Int+5}
  9500 | D:10     | Noticed a two-headed ogre
  9508 | D:10     | Killed a two-headed ogre
  9509 | D:10     | Reached skill level 5 in Dodging
  9779 | D:11     | Reached XP level 12. HP: 78/78 MP: 17/17
  9781 | D:11     | Reached **** piety under Qazlal
 10168 | D:11     | Found a runed translucent door.
 10174 | D:11     | Noticed Erolcha
 10181 | D:11     | Killed Erolcha
 10182 | D:11     | Noticed a two-headed ogre
 10186 | D:11     | Killed a two-headed ogre
 10243 | D:11     | Found a runed translucent door.
 10247 | D:11     | Noticed a two-headed ogre
 10248 | D:11     | Noticed Lodul
 10262 | D:11     | Killed a two-headed ogre
 10263 | D:11     | Reached skill level 11 in Fighting
 10266 | D:11     | Noticed a two-headed ogre
 10270 | D:11     | Killed Lodul
 10281 | D:11     | Noticed a two-headed ogre
 10283 | D:11     | Killed a two-headed ogre
 10292 | D:11     | Killed a two-headed ogre
 10310 | D:11     | Noticed an entropy weaver
 10315 | D:11     | Killed an entropy weaver
 10497 | D:11     | Noticed a centaur warrior
 10497 | D:11     | Noticed a boulder beetle
 10504 | D:11     | Killed a centaur warrior
 10521 | D:11     | Killed a boulder beetle
 10522 | D:11     | Reached XP level 13. HP: 84/84 MP: 18/18
 10767 | D:11     | Found a staircase to the Lair.
 10975 | D:12     | Found an iron altar of Okawaru.
 11129 | D:12     | Found Qyd Mif's Weapon Boutique.
 11515 | D:12     | Reached skill level 12 in Fighting
 11798 | D:13     | Reached skill level 10 in Axes
 11799 | D:13     | HP: 1/86 [two-headed ogre/+0 giant club (8)]
 11799 | D:13     | Slain by an ogre mage

Illustrated notes

Levels and vault maps discovered:
D:1:      amcnicky_arrival_blooded_trapdoor, layout_rooms,
          minmay_tree_intersection, minmay_misc_feat_tower
D:2:      layout_basic, uniq_robin, uniq_jessica
D:3:      layout_rooms, bh_walls_and_bars
D:4:      layout_rooms, mainiacjoe_overflow_alcove_2, nicolae_vehumet_radiance
D:5:      layout_basic, minmay_temple_entry_drinking_statues
D:6:      layout_cave_pods
D:7:      minmay_cornered_nines, layout_rooms,
          mainiacjoe_overflow_surrounded_room, overflow_temple_1_default,
          minmay_shattered_shrine
D:8:      layout_loops_ring, cheibrodos_ashenzari_chains, kennysheep_mini_moat,
          chequers_temple_overflow_statue_of_worship, serial_bayou_lagoon_b
D:9:      minmay_imperfect_grid, layout_basic, mainiacjoe_overflow_alcove_1,
          mainiacjoe_overflow_concentric_impassable, orc_0_dummy, serial_shops,
          shop, shop, nicolae_shop_rolled_up,
          nicolae_shop_competitors_out_of_business, nicolae_shop_crystal,
          uniq_psyche
D:10:     layout_long_grid, nicolae_take_the_stairs, monkooky_shop_alliterative
D:11:     cheibrodos_histonic, layout_basic, grunt_lair_entry_orc_guard_hut,
          special_room [special_room_bee], uniq_erolcha, uniq_lodul
D:12:     layout_loops_cross, serial_shops, nicolae_shop_trees,
          minmay_misc_feat_rugged, grunt_ogre_cave, okawaru_gym_becter
D:13:     layout_grid_maze, hangedman_vaults_entry_quadrant_bands, uniq_rupert
Temple:   minmay_temple_forest_path

Skill      XL: |  1  2  3  4  5  6  7  8  9 10 11 12 13 |
---------------+----------------------------------------+-----
Axes           | 2 3 4 5 6 7 8 9 10 | 10.0
Invocations    | 1 2 3 4 5 6 7 8 |  8.1
Evocations     | 1 2 3 4 5 6 |  6.7
Dodging        | 1 2 3 4 5 6 |  6.1
Fighting       | 4 5 6 8 9 10 11 12 | 12.1
Armour         | 4 5 6 7 8 9 |  9.2
Shields        | 4 5 6 7 8 |  8.8

Action                     |  1- 3 |  4- 6 |  7- 9 | 10-12 | 13-15 || total
---------------------------+-------+-------+-------+-------+-------++-------
  Melee: War axe           |    58 |   180 |   272 |   407 |    99 ||  1016
 Invoke: Upheaval          |       |       |       |     1 |       ||     1
         Elemental Force   |       |       |       |     1 |       ||     1
  Evoke: Wand              |       |     1 |     6 |     5 |       ||    12
    Use: Scroll            |       |     4 |    12 |     4 |     1 ||    21
         Potion            |       |     1 |     6 |     8 |       ||    15
 Armour: Scale mail        |    37 |       |       |       |       ||    37
         Chain mail        |    28 |   165 |   230 |       |       ||   423
         Plate armour      |       |       |    35 |   312 |    47 ||   394
  Dodge: Dodged            |    41 |    71 |   203 |   132 |    14 ||   461
         Repelled          |       |       |       |     1 |       ||     1
  Block: Buckler           |    19 |    44 |    95 |       |       ||   158
         Kite shield       |       |       |    16 |   391 |    94 ||   501
         Reflection        |       |       |       |    11 |     6 ||    17

Table legend: (Time is in decaauts)
 A = Elapsed time spent in this place.
 B = Non-inter-level travel time spent in this place.
 C = Inter-level travel time spent in this place.
 D = Time resting spent in this place.
 E = Time spent auto-exploring this place.
 F = Levels seen in this place.
 G = Mean time per level.
                   A        B        C        D        E       F      G
               +--------+--------+--------+--------+--------+-----+--------+
         Total |  12087 |  11611 |    476 |    894 |   8052 |  14 |  863.4 |
       Dungeon |  12042 |  11609 |    433 |    894 |   8052 |  13 |  926.3 |
        Temple |     44 |      1 |     43 |      0 |      0 |   1 |   44.0 |
               +--------+--------+--------+--------+--------+-----+--------+

Top non-repeatable levels by time:
     D:7: 1750 daAuts
     D:2: 1388 daAuts
     D:5: 1306 daAuts
    D:11: 1224 daAuts
     D:9: 1124 daAuts
     D:8: 973 daAuts
     D:6: 878 daAuts
    D:12: 778 daAuts
     D:3: 722 daAuts
     D:1: 635 daAuts
     D:4: 626 daAuts
    D:10: 579 daAuts
    D:13: 55 daAuts
  Temple: 44 daAuts
